 Dungeon Crawl Stone Soup version 0.32-a0-909-gc671339a80 (webtiles) character file.

Game seed: 15922441726903214121

1 Esekla the Trooper (level 1, 18/18 HPs)
             Began as a Demonspawn Wanderer on Apr 6, 2024.
             Got out of the dungeon alive.
             The game lasted 00:00:29 (49 turns).

Esekla the Trooper (Demonspawn Wanderer)              Turns: 49, Time: 00:00:30

Health: 18/18      AC:  6    Str: 17    XL:     1   Next: 16%
Magic:  1/1        EV:  8    Int: 10    God:
Gold:   19         SH:  0    Dex:  9    Spells: 0/0 levels left

rFire   . . .        a - +2 mace
rCold   . . .        (no shield)
rNeg    . . .        c - +0 scale mail
rPois   .            (no helmet)
rElec   .            (no cloak)
rCorr   .            (no gloves)
SInv    .            (no boots)
Will    .....        (no amulet) Stlth
                     (no ring)
HPRegen 0.23/turn    (no ring)
MPRegen 0.07/turn

%: no passive effects
@: no status effects
A: no striking features
a: no special abilities


You escaped.
You visited 1 branch of the dungeon, and saw 1 of its levels.

You collected 19 gold pieces.

Inventory:

Hand Weapons
 a - a +2 mace (weapon)
 b - a +0 hand axe
Missiles
 f - 4 poisoned darts (quivered)
Armour
 c - a +0 scale mail (worn)
Scrolls
 d - a scroll of silence
Potions
 e - a potion of lignification {unknown}


   Skills:
 + Level 3.0 Fighting
 + Level 2.8(3.3) Axes
 + Level 2.6(3.3) Maces & Flails
 + Level 1.0 Armour


You couldn't memorise any spells.
You didn't know any spells.
Your spell library was empty.

Dungeon Overview and Level Annotations

Branches:
Dungeon (1/15)

Altars:


Message History

Found 9 gold pieces and a murky green potion.
e - a murky green potion
Found a leather armour and a thin jewelled staff.
Found 8 gold pieces.
You now have 9 gold pieces.
Found 10 gold pieces and 4 poisoned darts.
A giant cockroach comes into view.
You hit the giant cockroach but do no damage.
The giant cockroach bites you.
The giant cockroach bites you but does no damage.
You hit the giant cockroach.
The giant cockroach is almost dead.
The giant cockroach bites you but does no damage.
You closely miss the giant cockroach.
The giant cockroach is almost dead.
The giant cockroach bites you but does no damage.
The giant cockroach barely misses you.
You hit the giant cockroach but do no damage.
The giant cockroach is almost dead.
The giant cockroach barely misses you.
You completely miss the giant cockroach.
The giant cockroach is almost dead.
The giant cockroach barely misses you.
You closely miss the giant cockroach.
The giant cockroach is almost dead.
The giant cockroach misses you. The giant cockroach bites you.
You hit the giant cockroach but do no damage.
The giant cockroach is almost dead.
The giant cockroach bites you but does no damage.
You hit the giant cockroach.
You kill the giant cockroach!
You see here a staff of conjuration.
You now have 19 gold pieces (gained 10).
You see here 4 poisoned darts.
f - 4 poisoned darts
Found a chain mail.
There is a staircase leading out of the dungeon here.
Alright, then stay!
Your library has no spells.
You have escaped!

########## [.#
.........# #....#
.......|.# #...$#
.........# #....#
.........# #...
....[....###.##+#+#
.............#....#
.............#..@.#
##...####....##.###
..... #.....#.#
..... #...#...#
....
#....+........# ...
#....#.######.#
#....#.. ......##.
##.....# .#


There were no monsters in sight!

Vanquished Creatures
  A giant cockroach (D:1)
1 creature vanquished.

Notes
Turn   | Place    | Note
-------+----------+-------------------------------------------
     0 | D:1      | Esekla the Demonspawn Wanderer began the quest for the Orb.
     0 | D:1      | Esekla set off with the following items: a +2 mace, a +0
                  | hand axe, a +0 scale mail, a scroll of silence.
     0 | D:1      | Reached XP level 1. HP: 18/18 MP: 1/1
    49 | D:$      | Got out of the dungeon alive.

Illustrated notes

Levels and vault maps discovered:
D:1:      dpeg_arrival_ratfight, layout_basic, item_on_display_a

Action                     || total
---------------------------++-------
  Melee: Mace              ||     8
 Armour: Scale mail        ||     6
  Dodge: Dodged            ||     4

Table legend: (Time is in decaauts)
 A = Elapsed time spent in this place.
 B = Non-inter-level travel time spent in this place.
 C = Inter-level travel time spent in this place.
 D = Time resting spent in this place.
 E = Time spent auto-exploring this place.
 F = Levels seen in this place.
 G = Mean time per level.
                   A        B        C        D        E       F      G
               +--------+--------+--------+--------+--------+-----+--------+
         Total |     50 |     50 |      0 |      0 |      0 |   1 |   50.0 |
       Dungeon |     50 |     50 |      0 |      0 |      0 |   1 |   50.0 |
               +--------+--------+--------+--------+--------+-----+--------+

Top non-repeatable levels by time:
     D:1: 50 daAuts
